 Dungeon Crawl Stone Soup version 0.31.0-11-ge490571c62 (webtiles) character file.

Game seed: 18250994477662181984

662 browni3141 the Chopper (level 7, -2/61 HPs)
             Began as a Minotaur Fighter on Jan 29, 2024.
             Slain by Menkaure (16 damage)
             ... on level 5 of the Dungeon.
             The game lasted 00:02:05 (4501 turns).

browni3141 the Chopper (Minotaur Fighter)           Turns: 4501, Time: 00:02:05

Health: -2/61      AC: 10    Str: 23    XL:     7   Next: 30%
Magic:  6/6        EV:  9    Int:  5    God:
Gold:   192        SH:  5    Dex:  9    Spells: 6/6 levels left

rFire   + + .        a - +0 war axe
rCold   x . .        c - +0 buckler
rNeg    . . .        b - +0 scale mail
rPois   .            (helmet restricted)
rElec   .            (no cloak)
rCorr   .            t - +0 pair of gloves
SInv    .            n - +0 pair of boots
Will    .....        (no amulet) Stlth
                     h - ring of protection from fire
HPRegen 0.30/turn    r - ring of fire
MPRegen 0.10/turn

%: no passive effects
@: lethally poisoned (-2 -> -8)
A: horns 2, retaliatory headbutt
a: no special abilities


You were on level 5 of the Dungeon.
You visited 2 branches of the dungeon, and saw 6 of its levels.

You collected 313 gold pieces.
You spent 121 gold pieces at shops.

Inventory:

Hand Weapons
 a - a +0 war axe (weapon)
Armour
 b - a +0 scale mail (worn)
 c - a +0 buckler (worn)
 n - a +0 pair of boots (worn)
 t - a +0 pair of gloves (worn)
Jewellery
 h - a ring of protection from fire (left hand)
 r - a ring of fire (right hand)
Wands
 s - a wand of flame (18)
Scrolls
 e - 2 scrolls of revelation {unknown}
 g - a scroll of butterflies {unknown}
 j - 2 scrolls of identify {unknown}
 k - a scroll of fear {unknown}
 l - 4 scrolls of teleportation {unknown}
 m - 2 scrolls of enchant armour {unknown}
 q - a scroll of torment {unknown}
 u - 2 scrolls of fog {unknown}
 y - a scroll of noise {unknown}
Potions
 d - a potion of might
 f - 2 potions of mutation {unknown}
 i - 2 potions of cancellation {unknown}
 o - 2 potions of heal wounds
 p - 2 potions of degeneration
 v - a potion of brilliance {unknown}
 w - a potion of attraction {unknown}
 x - 2 potions of curing {unknown}
 z - a potion of invisibility {unknown}
 A - a potion of magic {unknown}
 B - 2 potions of lignification {unknown}


   Skills:
 + Level 5.6 Fighting
 * Level 6.5 Axes
 + Level 5.5 Armour
 + Level 5.5 Shields


You had 6 spell levels left.
You didn't know any spells.
Your spell library contained the following spells:

 Spells                   Type           Power      Damage    Failure   Level
 Kiss of Death            Conj/Necr      0%         2d5       83%         1
 Call Imp                 Summ           0%         N/A       92%         2
 Sublimation of Blood     Necr           0%         N/A       92%         2
 Confusing Touch          Hex            0%         N/A       99%         3
 Dispel Undead            Necr           0%         3d6       100%        4
 Summon Hydra             Summ           0%         N/A       100%        7


Dungeon Overview and Level Annotations

Branches:
Dungeon (5/15)             Temple (1/1) D:5

Altars:
Ashenzari
Cheibriados
Dithmenos
Elyvilon
Fedhas
Gozag
Kikubaaqudgha
Makhleb
Nemelex Xobeh
Qazlal
Ru
Sif Muna
Uskayaw
Vehumet
Wu Jian
Xom
Yredelemnul
Zin
The Shining One

Shops:
D:1 :   D:3 !:[[

Annotations:
D:5 Menkaure


Innate Abilities, Weirdness & Mutations

You have a pair of horns on your head.
You reflexively headbutt those who attack you in melee.


Message History

A sky beast is nearby!
You barely miss the sky beast.
The sky beast is moderately wounded.
The sky beast completely misses you.
You completely miss the sky beast. You headbutt the sky beast.
The sky beast is heavily wounded.
The sky beast barely misses you. You furiously retaliate!
You headbutt the sky beast! You closely miss the sky beast.
The sky beast is severely wounded.
The sky beast barely misses you.
A sky beast is nearby!
You miss the sky beast.
The sky beast is severely wounded.
The sky beast hits you but does no damage.
You closely miss the sky beast.
The sky beast is severely wounded.
You block the sky beast's attack. The sky beast hits you.
The sky beast shocks you.
A sky beast is nearby!
You slash the sky beast!
You kill the sky beast!
Key pressed, stopping explore.
Key pressed, stopping explore.
No target in view!
Key pressed, stopping explore.
No target in view!
Key pressed, stopping explore.
No target in view!
u - 2 scrolls labelled WAUZYHUORO (gained 1) Key pressed, stopping explore.
No target in view! 2 ufetubi come into view.
The ufetubus shouts!
You hear a shout!
You hear an angry hiss.
There are monsters nearby!
There are monsters nearby!
There are monsters nearby!
The ufetubus slips past you! The ufetubus hits you.
The ufetubus closely misses you. You block the ufetubus's attack.
The ufetubus closely misses you. The ufetubus barely misses you.
The ufetubus closely misses you.
You hit the ufetubus.
The ufetubus is severely wounded.
You barely miss the ufetubus. You block the ufetubus's attack.
The ufetubus barely misses you. x2
The ufetubus hits you but does no damage. x2
The ufetubus barely misses you.
The ufetubus hits you but does no damage.
The ufetubus closely misses you.
You hit the ufetubus.
You kill the ufetubus!
You miss the ufetubus. The ufetubus closely misses you. x2
The ufetubus attacks as it pursues you! The ufetubus barely misses you.
You block the ufetubus's attack.
Menkaure, Prince of Dust comes into view.
An adder comes into view.
The ufetubus hits you.
The ufetubus hits you but does no damage.
You closely miss the ufetubus. Your headbutt misses the ufetubus.
The ufetubus hits you. x2
The ufetubus hits you but does no damage. x2
You slash the ufetubus!
The ufetubus is severely wounded.
The ufetubus hits you but does no damage. x2
Menkaure points at you and mumbles some strange words.
Pain shoots through your body!
There are monsters nearby!
You miss the ufetubus. Your headbutt misses the ufetubus.
The ufetubus is severely wounded.
The ufetubus hits you.
The ufetubus hits you but does no damage.
The ufetubus barely misses you. The ufetubus closely misses you.
There are monsters nearby!
You hit the ufetubus.
You kill the ufetubus!
You closely miss the adder. The adder bites you but does no damage.
Menkaure gestures wildly while chanting.
Menkaure seems to speed up.
You hit the adder.
The adder is heavily wounded.
The adder bites you but does no damage.
Menkaure calls on the powers of darkness!
The adder convulses!
Your body is wracked with pain!
The adder bites you but does no damage.
Aiming: Throw Flame
Press: ? - help, Shift-Dir - straight line, f - Menkaure
Aim: Menkaure (fast, 85% to hit)
The puff of flame hits Menkaure!
Menkaure is burned terribly!
Menkaure is heavily damaged.
The adder barely misses you.
Aiming: Throw Flame
Press: ? - help, Shift-Dir - straight line, f/p - Menkaure
Aim: Menkaure (heavily damaged, fast, 85% to hit)
The puff of flame hits Menkaure.
Menkaure is burned terribly!
Menkaure is heavily damaged.
Menkaure shouts, "The sands of time shall wipe you from history!"
Menkaure hits you! The adder bites you.
You are poisoned.
The adder poisons you! Menkaure hits you!
You die...

.. . # .. .#. #! #.
..##.### #.# #.....#
#..##
#.....######.....####
#..MS..............#.
#...@...# ## #......
#......## ...###....
######.# ≈≈...##...
########.# ≈≈≈.......
.........# ≈...##...
.#######.## ..###....
#..#######......
#...............
#)###.########.#


You could see Menkaure (fast) and an adder.

Vanquished Creatures
  An ice beast (D:5)
  A sky beast (D:5)
  A scorpion (D:5)
  2 hounds
  A jelly (D:5)
  An orc priest (D:4)
  An iguana (D:5)
  4 orc wizards
  4 adders
  4 ufetubi (D:5)
  5 dart slugs
  15 orcs
  4 bats
  4 endoplasms
  3 giant cockroaches
  8 goblins
  3 hobgoblins
  10 jackals
  2 kobolds
  4 quokkas
  7 ball pythons
  5 frilled lizards
  7 rats
97 creatures vanquished.

Notes
Turn   | Place    | Note
-------+----------+-------------------------------------------
     0 | D:1      | browni3141 the Minotaur Fighter began the quest for the
                  | Orb.
     0 | D:1      | Reached XP level 1. HP: 19/19 MP: 0/0
   151 | D:1      | Reached XP level 2. HP: 27/27 MP: 1/1
   155 | D:1      | Reached skill level 3 in Axes
   185 | D:1      | Found Fooguk's Book Shop.
   722 | D:1      | Reached XP level 3. HP: 29/33 MP: 2/2
  1732 | D:2      | Reached XP level 4. HP: 40/40 MP: 3/3
  1891 | D:3      | Found Zes Zenwonk's Distillery.
  1892 | D:3      | Found a shimmering altar of Xom.
  1892 | D:3      | Found a glowing golden altar of the Shining One.
  1892 | D:3      | Found a stormy altar of Qazlal.
  1911 | D:3      | Found Taogor's Book Boutique.
  1926 | D:3      | Reached skill level 4 in Axes
  2031 | D:3      | Bought a potion of degeneration for 12 gold pieces
  2031 | D:3      | Bought a potion of heal wounds for 60 gold pieces
  2044 | D:3      | Found an ornate altar of the Wu Jian Council.
  2044 | D:3      | Found a white marble altar of Elyvilon.
  2045 | D:3      | Found a shadowy altar of Dithmenos.
  2230 | D:3      | Reached XP level 5. HP: 26/47 MP: 4/4
  2316 | D:3      | Found Osoic's Armour Shoppe.
  2324 | D:3      | Bought a +0 pair of gloves for 49 gold pieces
  2346 | D:3      | Found Gekegh's Armour Shop.
  2430 | D:3      | Found a blossoming altar of Fedhas.
  2430 | D:3      | Found a sparkling altar of Nemelex Xobeh.
  2431 | D:3      | Found a radiant altar of Vehumet.
  2432 | D:3      | Found an ancient bone altar of Kikubaaqudgha.
  2435 | D:3      | Found a snail-covered altar of Cheibriados.
  2804 | D:4      | Found a sacrificial altar of Ru.
  2932 | D:4      | Reached skill level 5 in Axes
  3014 | D:4      | Reached XP level 6. HP: 55/55 MP: 5/5
  3879 | D:5      | Entered Level 5 of the Dungeon
  3883 | D:5      | Reached skill level 5 in Fighting
  3883 | D:5      | Reached skill level 5 in Armour
  4060 | D:5      | Reached skill level 5 in Shields
  4233 | D:5      | Found a staircase to the Ecumenical Temple.
  4241 | D:5      | Noticed an ice beast
  4251 | D:5      | Killed an ice beast
  4252 | D:5      | Reached skill level 6 in Axes
  4252 | D:5      | Reached XP level 7. HP: 38/61 MP: 6/6
  4255 | Temple   | Entered the Ecumenical Temple
  4494 | D:5      | Noticed Menkaure
  4501 | D:5      | Slain by Menkaure

Illustrated notes

Levels and vault maps discovered:
D:1:      dpeg_arrival_radiant, layout_basic, serial_shops, shop
D:2:      layout_loops_corners
D:3:      minmay_spotlight, layout_rooms, grunt_temple_overflow_open,
          minitemple, serial_shops, shop, shop, nicolae_shop_real_fake_doors,
          nicolae_shop_trees
D:4:      layout_layer_cave, mainiacjoe_overflow_brackets
D:5:      layout_loops_cross, minmay_temple_entry_purple_smoke,
          minmay_misc_feat_room, minmay_fire_ice_demons, uniq_menkaure
Temple:   nicolae_temple_great_sept

Skill      XL: |  1  2  3  4  5  6 |
---------------+-------------------+-----
Axes           | 3 4 5 6 |  6.5
Fighting       | 4 5 |  5.6
Armour         | 4 5 |  5.5
Shields        | 4 5 |  5.5

Action                     |  1- 3 |  4- 6 |  7- 9 || total
---------------------------+-------+-------+-------++-------
  Melee: War axe           |    92 |   113 |    21 ||   226
         Headbutt          |     5 |    19 |     1 ||    25
  Evoke: Wand              |       |       |     2 ||     2
 Armour: Scale mail        |    75 |   116 |    32 ||   223
  Dodge: Dodged            |    51 |    45 |    18 ||   114
  Block: Buckler           |    25 |    17 |     5 ||    47
